 Dungeon Crawl Stone Soup version 0.16-a0-296-gbdb9f68 (webtiles) character file.

29859 MackTheKnife the Nimble (level 13, -1/90 HPs)
             Began as a Halfling Wanderer on Aug 29, 2014.
             Was a High Priest of Okawaru.
             Slain by a jumping spider (17 damage)
             ... on Level 5 of the Lair of Beasts.
             The game lasted 00:43:51 (19768 turns).

MackTheKnife the Nimble (Halfling Wanderer)        Turns: 19768, Time: 00:43:52

HP  -1/90        AC 19     Str  9 (12) XL: 13   Next: 84%
MP  23/25        EV 29     Int 14      God: Okawaru [*****.]
Gold 829         SH  0     Dex 18      Spells:  0 memorised, 12 levels left

rFire  + . .     SeeInvis +     k - +2 lajatang
rCold  + + .     Clarity  +     h - +2 leather armour {rC+}
rNeg   . . .     rCorr    .     (no shield)
rPois  .         rRot     .     U - +2 helmet {SInv}
rElec  .         Spirit   .     T - +1 cloak {rC+}
SustAb .         Warding  .     c - +0 pair of gloves (curse)
rMut   .         Stasis   .     D - +2 pair of boots {run}
Gourm  .                        v - amulet of clarity
MR     .....                    F - ring of stealth
                                e - ring of protection from fire

@: heroism, quick, not resistant to hostile enchantments, quite stealthy
A: clever 1, mutation resistance 1, regeneration 1, shaggy fur 1
a: Heroism, Finesse, Renounce Religion


You were on level 5 of the Lair of Beasts.
You worshipped Okawaru.
Okawaru was extremely pleased with you.
You were not hungry.

You visited 3 branches of the dungeon, and saw 16 of its levels.
You also visited: Ice Cave.

You collected 955 gold pieces.
You spent 126 gold pieces at shops.


Innate Abilities, Weirdness & Mutations

You are small and have problems with some larger weapons.
You are somewhat resistant to further mutation.
Your mind is acute. (Int +2)
Your natural rate of healing is unusually fast.
You are covered in fur (AC +1).


   Skills:
 - Level 8.9(13.9) Fighting
   Level 2.0(7.0) Short Blades
 - Level 10.0(15.0) Staves
 - Level 1.3(6.3) Throwing
 - Level 10.0(15.0) Armour
 + Level 13.4(18.4) Dodging
 - Level 2.0(7.0) Stealth
 - Level 8.0 Invocations
 - Level 1.0 Evocations


You had 12 spell levels left.
You didn't know any spells.

Inventory:

Hand weapons
 k - a +2 lajatang (weapon)
Armour
 c - a cursed +0 pair of gloves (worn)
 h - a +2 leather armour of cold resistance (worn)
 D - a +2 pair of boots of running (worn)
 T - a +1 cloak of cold resistance (worn)
 U - a +2 helmet of see invisible (worn)
Magical devices
 a - a wand of disintegration (10)
 b - a wand of disintegration (13)
 I - a wand of polymorph (15)
 Q - a wand of fire (3)
Comestibles
 g - 8 bread rations
 l - 7 meat rations
 m - 4 beef jerkies
 q - 11 fruits
 x - a royal jelly
 M - a slice of pizza
Scrolls
 f - 4 scrolls of identify
 n - 13 scrolls of remove curse
 o - a scroll of silence
 r - a scroll of magic mapping
 B - a scroll of teleportation
Jewellery
 e - a ring of protection from fire (left hand)
 i - an uncursed amulet of rage
 u - an uncursed amulet of the gourmand
 v - an amulet of clarity (around neck)
 C - an uncursed amulet of warding
 F - a ring of stealth (right hand)
Potions
 d - 4 potions of brilliance
 j - a potion of porridge
 p - 7 potions of curing
 s - 3 potions of heal wounds
 w - 3 potions of magic
 G - 2 potions of haste
 H - 3 potions of resistance
 K - 2 potions of cure mutation
 N - a potion of agility
 S - 3 potions of might

········▒·▒·▒·▒·▒················
·································
·································
·································
·································
·································
·································
·················s··▒······ ···
····· ·········ps··▒▒ ··· ····
········▒▒^··▒ · ···
········▒▒^··▒ ········ ·····▒
········ ▒^^^^▒ ······· ··^··▒
····· ▒^··· ···· ▒s· · ▒


You could see 2 jumping spiders.


Message History

The jumping spider bites you but does no damage.
The jumping spider completely misses you.
The jumping spider closely misses you.
You slice the jumping spider!!
The jumping spider is severely wounded.
The jumping spider completely misses you.
The jumping spider misses you. The jumping spider closely misses you.
The jumping spider completely misses you.
You slash the jumping spider!
You kill the jumping spider!
Okawaru accepts your kill. The jumping spider pounces on you!
* * * LOW HITPOINT WARNING * * *
You are caught in a web!
The jumping spider bites you but does no damage.
The jumping spider pounces on you!
* * * LOW HITPOINT WARNING * * *
The jumping spider closely misses you. The jumping spider pounces on you.
* * * LOW HITPOINT WARNING * * *
The jumping spider bites you but does no damage.
The web tears apart.
The jumping spider pounces on you.
* * * LOW HITPOINT WARNING * * *
The jumping spider misses you.
The jumping spider pounces on you but does no damage.
The jumping spider completely misses you.
Unknown command.
The jumping spider barely misses you.
The jumping spider completely misses you.
The jumping spider pounces on you!
You die...

Action                   |  1- 3 |  4- 6 |  7- 9 | 10-12 | 13-15 || total
-------------------------+-------+-------+-------+-------+-------++-------
Melee: Dagger            |    55 |       |       |       |       ||    55
       Lajatang          |    53 |   286 |   495 |   787 |   352 ||  1973
Invok: Heroism           |       |       |     3 |    18 |     7 ||    28
       Finesse           |       |       |       |       |     1 ||     1
Evoke: Wand              |       |     3 |     4 |     9 |    13 ||    29
  Use: Scroll            |       |     5 |     8 |    10 |     4 ||    27
       Potion            |       |     1 |     4 |     4 |     9 ||    18
 Stab: Sleeping          |     1 |     3 |     3 |    16 |     4 ||    27
       Distracted        |       |       |     1 |     1 |       ||     2
  Eat: Bread ration      |     1 |       |     1 |     2 |       ||     4
       Chunk             |       |    11 |    13 |    14 |     3 ||    41
       Meat ration       |       |       |       |       |     1 ||     1
       Beef jerky        |       |       |       |       |     1 ||     1

Vault maps used:
D:1:      ldierk_water_garden
D:3:      lemuel_doored_altar, due_unseen_surprise
D:4:      grunt_temple_overflow_forces_of_nature, minmay_temple_entry_overgrown,
          serial_shops, shop, uniq_blork_the_orc, uniq_sigmund, uniq_natasha
D:5:      gammafunk_temple_overflow_elements, gup_sewer_entry_spiral,
          nicolae_ossuary_entry_false_entrances, first_bread,
          uniq_crazy_yiuf_cottage
D:7:      lemuel_ice_spiral_2, yredelemnul_altar_generic
D:8:      special_room, hangedman_tree_tricks, wad_hexagon
D:9:      basic_altar
D:10:     orc_0_dummy, lair_0_dummy
Temple:   triangle_lava_temple_12
Lair:1:   basic_altar, uniq_fannar, uniq_gastronok
Lair:2:   st_stairs_8, grunt_megastairs_2
Lair:3:   minmay_shoals_entry_beasts, portal_ice_cave_entry_ice_beasts,
          lemuel_centaur_altar, lemuel_fruit_tree
Lair:4:   st_stairs_8, uniq_erica
Lair:5:   spider_nest_entry_funnel_web, st_stairs_9, uniq_nergalle
IceCv:    ice_cave_small_giant

Notes
Turn   | Place    | Note
--------------------------------------------------------------
     0 | D:1      | MackTheKnife, the Halfling Wanderer, began the quest for the Orb.
     0 | D:1      | Reached XP level 1. HP: 15/15 MP: 1/1
   240 | D:1      | Reached skill level 1 in Short Blades
   427 | D:1      | Reached XP level 2. HP: 20/20 MP: 2/2
   754 | D:1      | Reached skill level 2 in Short Blades
  1053 | D:2      | Reached skill level 1 in Staves
  1053 | D:2      | Reached XP level 3. HP: 17/25 MP: 3/3
  1605 | D:2      | Reached XP level 4. HP: 12/30 MP: 4/4
  1981 | D:2      | Reached skill level 2 in Staves
  2820 | D:2      | Reached XP level 5. HP: 35/35 MP: 5/5
  3278 | D:2      | Reached skill level 3 in Staves
  3720 | D:3      | Found a shimmering altar of Xom.
  3909 | D:3      | Reached skill level 4 in Dodging
  4765 | D:4      | Noticed an ogre
  4780 | D:4      | Killed an ogre
  4780 | D:4      | Reached XP level 6. HP: 41/41 MP: 7/7
  4834 | D:4      | Reached skill level 5 in Dodging
  5036 | D:4      | Found a blossoming altar of Fedhas.
  5037 | D:4      | Found a stormy altar of Qazlal.
  5064 | D:4      | Reached skill level 4 in Staves
  5327 | D:4      | Found a staircase to the Ecumenical Temple.
  5341 | D:4      | Noticed Blork the orc
  5344 | Temple   | Entered the Ecumenical Temple
  5360 | Temple   | Became a worshipper of Warmaster Okawaru
  5384 | D:4      | Killed Blork the orc
  5384 | D:4      | Reached XP level 7. HP: 24/45 MP: 8/8
  5715 | D:4      | Noticed Natasha
  5716 | D:4      | Noticed Sigmund
  5858 | D:4      | Killed Natasha
  6088 | D:4      | Killed Sigmund
  6200 | D:4      | Found Ytheiph's Distillery.
  6236 | D:4      | Reached skill level 6 in Dodging
  6264 | D:4      | Bought a potion of heal wounds for 36 gold pieces
  6264 | D:4      | Bought a potion of heal wounds for 36 gold pieces
  6264 | D:4      | Bought a potion of might for 30 gold pieces
  6264 | D:4      | Bought a potion of curing for 24 gold pieces
  6367 | D:5      | Entered Level 5 of the Dungeon
  6402 | D:5      | HP: 2/45 [gnoll/halberd (12)]
  6599 | D:5      | Found a sand-covered staircase.
  6819 | D:5      | Reached XP level 8. HP: 51/51 MP: 9/9
  6828 | D:5      | Reached skill level 5 in Staves
  7074 | D:5      | Reached skill level 7 in Dodging
  7440 | D:5      | Found a sparkling altar of Nemelex Xobeh.
  7440 | D:5      | Found a glowing silver altar of Zin.
  7489 | D:5      | Noticed Crazy Yiuf
  7498 | D:5      | Paralysed by Crazy Yiuf for 4 turns
  7500 | D:5      | HP: 5/51 [poisoned by Crazy Yiuf]
  7507 | D:5      | Killed Crazy Yiuf
  7756 | D:5      | Acquired Okawaru's first power
  8176 | D:6      | Reached skill level 6 in Staves
  8176 | D:6      | Reached skill level 8 in Dodging
  8746 | D:6      | Reached XP level 9. HP: 49/55 MP: 8/10
  9454 | D:7      | Found a basalt altar of Yredelemnul.
  9723 | D:7      | Reached skill level 9 in Dodging
 10413 | D:8      | Reached skill level 7 in Staves
 10702 | D:8      | Reached skill level 10 in Dodging
 10845 | D:8      | Reached XP level 10. HP: 52/61 MP: 9/11
 11100 | D:8      | Reached skill level 8 in Staves
 11198 | D:8      | Noticed a manticore
 11198 | D:8      | Noticed a wolf spider
 11198 | D:8      | Noticed a centaur warrior
 11788 | D:9      | Reached skill level 9 in Staves
 11968 | D:9      | Found a white marble altar of Elyvilon.
 12007 | D:9      | Reached skill level 10 in Staves
 12038 | D:9      | Reached skill level 1 in Armour
 12055 | D:9      | Reached skill level 3 in Fighting
 12201 | D:9      | Noticed a hill giant
 12211 | D:9      | Killed a hill giant
 12211 | D:9      | Reached skill level 2 in Armour
 12265 | D:10     | Entered Level 10 of the Dungeon
 12277 | D:10     | Reached skill level 3 in Armour
 12461 | D:10     | Found a staircase to the Lair.
 12530 | D:10     | Found a staircase to the Orcish Mines.
 12538 | D:10     | Reached skill level 4 in Fighting
 12538 | D:10     | Reached XP level 11. HP: 59/69 MP: 9/12
 12821 | D:10     | Noticed a hill giant
 12829 | D:10     | Killed a hill giant
 12829 | D:10     | Reached skill level 4 in Armour
 12913 | D:10     | Reached skill level 5 in Fighting
 12923 | D:10     | Reached skill level 5 in Armour
 12976 | D:10     | Noticed a hill giant
 12984 | D:10     | Killed a hill giant
 13019 | D:10     | Noticed a hill giant
 13037 | D:10     | Killed a hill giant
 13037 | D:10     | Reached skill level 6 in Armour
 13205 | D:10     | Reached skill level 6 in Fighting
 13753 | D:10     | Reached skill level 7 in Armour
 14024 | Lair:1   | Entered Level 1 of the Lair of Beasts
 14026 | Lair:1   | Noticed Fannar
 14423 | Lair:1   | Found a white marble altar of Elyvilon.
 14454 | Lair:1   | Reached skill level 7 in Fighting
 14591 | Lair:1   | Noticed Gastronok
 14608 | Lair:1   | Killed Gastronok
 14608 | Lair:1   | Acquired Okawaru's second power
 14608 | Lair:1   | Reached skill level 8 in Armour
 14608 | Lair:1   | Reached XP level 12. HP: 73/81 MP: 12/14
 14611 | Lair:1   | Received a gift from Okawaru
 14741 | Lair:1   | Killed Fannar
 15053 | Lair:2   | Reached skill level 8 in Fighting
 15076 | Lair:2   | Reached skill level 9 in Armour
 15339 | Lair:2   | Noticed a seven-headed hydra
 15536 | Lair:2   | Identified a scroll of acquirement
 15904 | Lair:2   | Killed a seven-headed hydra
 15985 | Lair:3   | Found a frozen archway.
 16042 | IceCv    | Entered an ice cave
 16067 | IceCv    | Reached skill level 10 in Armour
 16315 | IceCv    | Received a gift from Okawaru
 16315 | IceCv    | Reached skill level 1 in Invocations
 16324 | IceCv    | Identified a +2 pair of boots of running (Okawaru gifted it to you in an ice cave)
 16340 | IceCv    | Reached skill level 2 in Invocations
 16368 | IceCv    | Reached skill level 3 in Invocations
 16555 | IceCv    | Reached skill level 4 in Invocations
 16955 | IceCv    | Reached skill level 5 in Invocations
 17133 | IceCv    | Reached skill level 6 in Invocations
 17182 | IceCv    | Reached XP level 13. HP: 70/90 MP: 23/23
 17225 | IceCv    | Reached skill level 7 in Invocations
 17462 | IceCv    | Noticed a frost giant
 17512 | IceCv    | Reached skill level 8 in Invocations
 17544 | IceCv    | Killed a frost giant
 17736 | Lair:3   | Found a staircase to the Shoals.
 17762 | Lair:3   | Reached skill level 11 in Dodging
 17827 | Lair:3   | Found a blossoming altar of Fedhas.
 18101 | Lair:3   | Received a gift from Okawaru
 18553 | Lair:3   | Reached skill level 12 in Dodging
 19065 | Lair:4   | Noticed Erica
 19077 | Lair:4   | Killed Erica
 19098 | Lair:4   | Received a gift from Okawaru
 19160 | Lair:4   | Gained mutation: Your mind is acute. (Int +2) [potion of mutation]
 19160 | Lair:4   | Gained mutation: Your natural rate of healing is unusually fast. [potion of mutation]
 19160 | Lair:4   | Gained mutation: You are covered in fur (AC +1). [potion of mutation]
 19388 | Lair:4   | Reached skill level 13 in Dodging
 19696 | Lair:5   | Noticed Nergalle
 19768 | Lair:5   | Slain by a jumping spider

Vanquished Creatures
  A frost giant (IceCv)
  Gastronok (Lair:1)
  Fannar (Lair:1)
  2 hydras
  Erica (Lair:4)
  An ice statue (IceCv)
  4 hill giants
  A manticore (Lair:3)
  A wolf spider (Lair:5)
  2 griffons (Lair:3)
  2 komodo dragons
  4 spiny frogs
  14 polar bears (IceCv)
  A jumping spider (Lair:5)
  A hydra skeleton (D:10)
  A basilisk (Lair:1)
  A catoblepas skeleton (D:10)
  A hill giant zombie (D:8)
  30 yaks
  7 hippogriffs
  A deep elf mage (D:9)
  14 wolves
  A hungry ghost (D:10)
  4 water moccasins
  8 porcupines
  2 phantoms
  6 ogres
  2 sky beasts
  A yellow wasp (D:8)
  3 black bears (D:10)
  7 centaurs
  12 ice beasts
  A manticore skeleton (D:10)
  3 orc warriors
  Sigmund (D:4)
  8 big kobolds
  7 crocodiles
  Blork the orc (D:4)
  7 giant frogs
  A scorpion (D:9)
  5 killer bees
  A quasit (D:9)
  5 crimson imps
  3 goliath beetles
  2 giant frog zombies
  9 hounds
  2 jellies
  Crazy Yiuf (D:5)
  4 orc priests
  A centaur skeleton (D:7)
  8 iguanas
  2 worker ants
  5 orc wizards
  Natasha (D:4)
  A hound zombie (D:6)
  15 adders
  11 gnolls
  21 green rats
  An orc skeleton (D:7)
  An inept feature mimic (D:5)
  A giant mite (D:7)
  A shadow imp (D:6)
  4 worms
  An adder skeleton (D:9)
  11 giant geckos
  An ooze (D:2)
  20 orcs
  A ball python (D:1)
  17 bats
  13 giant cockroaches
  7 goblins
  12 hobgoblins
  23 kobolds
  13 quokkas
  6 giant newts
  11 jackals
  A kobold skeleton (D:4)
  15 rats
  3 toadstools (D:1)
427 creatures vanquished.

Vanquished Creatures (others)
  An iguana (D:7)
  A shadow imp (D:7)
  A kobold (D:8)
  A fungus (Lair:2)
  A toadstool (D:1)
5 creatures vanquished.

Grand Total: 432 creatures vanquished
